Map: Lerilak Crest

Players

residue - Winner!

  • Race: Protoss Protoss
  • League: Gold

ying

  • Race: Terran Terran
  • League: Gold

VOD

Have the link to the VOD?

Description

Time

  • Played on: Sept. 22, 2015, 1:21 a.m.
  • Length: 14:32
Show
View Real Time Build Order
Export as new Build Order

residue Protoss - Winner!

Build Orders: Oracle Opening 

Get SALT Encoding   

  12  0:00  Probe (Chrono Boost)  
  13  0:10  Probe (Chrono Boost)  
  14  0:17  Pylon  
  14  0:21  Probe (Chrono Boost)  
  15  0:36  Gateway  
  15  0:37  Probe (Chrono Boost)  
  16  0:44  Assimilator  
  16  0:48  Probe (Chrono Boost)  
  17  0:58  Probe (Chrono Boost)  
  17  1:02  Gateway  
  18  1:13  Assimilator  
  18  1:15  Probe (Chrono Boost)  
  19  1:25  Cybernetics Core  
  19  1:31  Pylon  
  19  1:36  Probe (Chrono Boost)  
  20  1:54  Probe (Chrono Boost)  
  21  2:02  Adept x2  
  21  2:03  Mothership Core (Chrono Boost)  
  27  2:25  Warp Gate (Chrono Boost)  
  27  2:39  Stargate  
  27  2:51  Nexus  
  27  2:55  Pylon  
  27  3:17  Probe  
  28  3:26  Oracle (Chrono Boost)  
  28  3:27  Probe  
  32  3:37  Probe  
  33  3:49  Probe  
  33  3:51  Gateway  
  33  3:55  Robotics Facility  
  34  4:01  Probe  
  34  4:02  Probe  
  35  4:05  Phoenix (Chrono Boost)  
  38  4:15  Probe  
  37  4:18  Probe  
  38  4:27  Probe  
  38  4:28  Pylon  
  39  4:46  Probe  
  39  4:48  Phoenix (Chrono Boost)  
  39  4:49  Probe  
  43  4:55  Observer (Chrono Boost)  
  43  4:58  Probe  
  45  5:02  Probe  
  44  5:08  Gateway  
  44  5:10  Probe  
  44  5:11  Gateway  
  44  5:12  Phoenix  
  45  5:14  Probe  
  45  5:17  Twilight Council  
  48  5:23  Probe  
  48  5:26  Probe  
  48  5:27  Assimilator  
  50  5:29  Assimilator  
  50  5:35  Probe  
  51  5:36  Adept x2  
  51  5:39  Probe  
  51  5:42  Pylon  
  52  5:51  Stalker  
  54  6:03  Probe  
  52  6:14  Phoenix  
  52  6:22  Adept x2  
  52  6:23  Adept x2  
  62  6:28  Warp Prism (Chrono Boost)  
  64  6:34  Phoenix  
  64  6:38  Probe  
  67  6:46  Probe  
  68  6:54  Probe  
  69  6:58  Probe  
  70  7:08  Pylon  
  70  7:09  Pylon  
  70  7:12  Gateway  
  70  7:13  Gateway  
  70  7:16  Gateway  
  70  7:21  Phoenix  
  70  7:25  Nexus  
  70  7:26  Probe x2, Observer (Chrono Boost)  
  70  7:27  Pylon  
  75  7:38  Probe, Shield Upgrade  
  75  7:40  Adept x4  
  75  7:41  Adept  
  74  8:01  Adept  
  74  8:02  Adept x4  
  76  8:29  Phoenix  
  78  8:37  Charge  
  78  8:38  Probe x3  
  81  8:42  Forge  
  81  8:46  Gateway  
  81  8:48  Assimilator  
  81  8:50  Probe x2  
  81  8:54  Adept x4  
  91  9:24  Probe  
  90  9:26  Probe  
  90  9:27  Probe  
  90  9:28  Immortal (Chrono Boost)  
  96  9:46  Adept x2  
  96  9:47  Adept x3  
  94  9:55  Adept x3  
  94  9:56  Adept x3  
  94  9:59  Protoss Ground Weapons Level 1 (Chrono Boost)  
  98  10:01  Probe  
  98  10:02  Probe  
  98  10:05  Assimilator  
  100  10:07  Pylon  
  100  10:11  Pylon  
  100  10:13  Pylon  
  100  10:14  Probe  
  101  10:32  Adept x4  
  101  10:33  Adept x2  
  97  11:05  Phoenix  
  97  11:07  Adept x4  
  97  11:08  Adept x2  
  111  11:18  Probe x2  
  106  11:25  Probe  
  108  11:26  Templar Archives, Immortal  
  108  11:28  Zealot x5  
  108  11:29  Zealot x3, Stargate  
  108  11:30  Zealot  
  126  11:35  Probe  
  131  11:43  Probe  
  132  11:50  Probe  
  133  11:54  Pylon  
  133  11:56  Pylon  
  133  11:57  Phoenix  
  133  11:59  Pylon  
  133  12:02  Forge  
  133  12:03  Pylon  
  133  12:12  Probe  
  133  12:14  Pylon  
  115  12:37  Observer  
  115  12:39  Psionic Storm  
  115  12:40  Probe  
  115  12:42  Zealot  
  115  12:43  Zealot x5  
  115  12:44  Zealot x3  
  135  12:52  Phoenix  
  135  12:53  Phoenix  
  135  12:54  Probe  
  135  12:56  Probe  
  141  13:04  Adept x6  
  141  13:05  Adept x3  
  155  13:18  Probe  
  138  13:46  Zealot x6  
  148  13:53  Probe  
  149  13:56  Probe  
  149  13:58  Nexus  
  149  13:59  Probe  
  149  14:02  Pylon  
  151  14:05  Adept x3  
Show
View Real Time Build Order
Export as new Build Order

ying Terran 

Build Orders:  

Get SALT Encoding   

  12  0:00  SCV  
  13  0:13  SCV  
  14  0:17  Supply Depot  
  14  0:25  SCV  
  15  0:39  SCV  
  15  0:40  Barracks  
  16  0:51  SCV  
  17  1:03  SCV  
  18  1:15  SCV  
  19  1:22  Command Center  
  19  1:33  Orbital Command  
  19  1:35  Marine  
  20  1:46  Barracks  
  20  1:58  Barracks  
  20  2:01  SCV  
  21  2:04  Marine  
  22  2:15  Supply Depot  
  22  2:16  SCV  
  23  2:33  Marine  
  23  2:34  SCV  
  25  2:37  Marine  
  25  2:38  Refinery  
  25  2:39  Refinery  
  26  2:45  Marine  
  26  2:46  SCV  
  26  2:47  Orbital Command  
  28  2:51  Marine  
  28  2:56  Bunker  
  29  3:01  SCV, Marine  
  29  3:03  Marine  
  31  3:09  Marine  
  29  3:13  SCV  
  29  3:19  Marine  
  29  3:21  Marine  
  29  3:23  Orbital Command  
  29  3:27  Marine  
  28  3:38  Barracks Tech Lab  
  28  3:41  Barracks Tech Lab  
  28  3:47  Factory, Marine  
  29  3:51  SCV x2  
  31  3:55  Engineering Bay  
  31  4:01  Marauder  
  31  4:02  Marauder  
  35  4:03  SCV x2  
  35  4:09  Barracks Tech Lab  
  37  4:10  Concussive Shells  
  37  4:15  SCV x2  
  38  4:25  Orbital Command  
  38  4:29  Marauder x2, Marine  
  43  4:31  Supply Depot  
  35  4:46  Marine  
  35  4:47  Missile Turret  
  35  4:50  Marine  
  35  4:52  Marauder  
  39  4:59  Stimpack  
  39  5:02  Missile Turret  
  39  5:04  Marine  
  39  5:05  SCV x2  
  42  5:08  Marine  
  42  5:11  Starport  
  42  5:12  Supply Depot  
  43  5:24  Refinery  
  43  5:25  SCV  
  43  5:26  SCV  
  43  5:28  Refinery  
  45  5:29  Factory Reactor  
  45  5:30  Marine x3  
  45  5:34  Supply Depot  
  48  5:38  SCV x2  
  50  5:48  Marauder x2  
  52  5:54  Medivac  
  53  6:02  SCV  
  53  6:03  SCV  
  54  6:05  Command Center  
  54  6:11  Terran Infantry Weapons Level 1, Marine x2  
  54  6:12  Marine  
  55  6:18  SCV  
  55  6:19  SCV  
  56  6:31  SCV x2  
  58  6:34  Marauder  
  58  6:35  Marauder x2  
  58  6:37  Medivac  
  66  6:41  Viking  
  66  6:45  SCV  
  68  6:53  Supply Depot  
  68  6:55  Marine  
  68  6:57  Marine  
  68  6:59  Marine  
  70  7:14  Marine  
  70  7:15  SCV x2, Factory Reactor  
  73  7:17  Supply Depot  
  73  7:20  Barracks  
  73  7:21  Barracks  
  73  7:26  Marauder  
  73  7:27  SCV x2  
  77  7:38  Marauder  
  77  7:39  Medivac x2  
  81  7:53  Marine  
  81  7:54  Marauder  
  74  7:58  Marine  
  72  8:11  Barracks Reactor, Marine  
  65  8:13  Medivac x2  
  65  8:14  SCV  
  65  8:22  Marauder x2  
  66  8:30  Marine x2  
  68  8:34  Terran Infantry Armor Level 1  
  68  8:38  Engineering Bay  
  68  8:39  SCV x2  
  70  8:41  Armory  
  70  8:42  Orbital Command  
  70  8:43  Viking, Medivac  
  74  8:50  Marine x4  
  74  8:51  SCV  
  79  9:02  Missile Turret  
  79  9:03  Marine, Marauder x2  
  79  9:08  Marine  
  83  9:13  Viking  
  83  9:14  Marine  
  83  9:15  Marine x2  
  85  9:21  SCV, Marine  
  85  9:22  SCV x2  
  89  9:26  Marine x3  
  92  9:32  Marine x2  
  92  9:33  Marine  
  92  9:37  Terran Infantry Weapons Level 2  
  95  9:39  SCV, Marine  
  95  9:50  Marine x3  
  95  9:51  Marine x3  
  95  9:52  Medivac  
  99  9:53  Medivac  
  101  10:15  Supply Depot  
  101  10:26  Marine x2  
  101  10:31  Factory Reactor  
  101  10:34  SCV x2, Marine  
  101  10:35  SCV, Marine x2  
  101  10:37  Marauder  
  101  10:39  Marauder  
  93  10:44  Marine x2  
  93  10:45  Viking  
  93  10:46  SCV x2, Viking  
  93  10:47  SCV  
  100  10:53  Marine x2, Marauder  
  98  10:58  Marine  
  98  11:00  Marine  
  98  11:02  Marine  
  90  11:07  Marine  
  90  11:14  Marauder  
  90  11:16  Marine x3  
  90  11:17  Medivac x2  
  90  11:18  Marine  
  99  11:24  Refinery  
  99  11:25  Command Center, Refinery  
  99  11:30  Widow Mine x2  
  103  11:36  SCV x3  
  103  11:39  Marine x3  
  109  11:42  Supply Depot  
  109  11:44  Marine x4  
  109  11:45  Supply Depot  
  113  11:47  Medivac x2  
  117  12:03  Marine x5  
  117  12:05  Supply Depot, Marine  
  117  12:06  Widow Mine x2, Marine  
  128  12:09  Supply Depot  
  127  12:21  Marine x2  
  119  12:25  Marine  
  119  12:26  Marauder x2, Marine  
  105  12:36  Marauder  
  97  12:39  Marine x2  
  97  12:40  Viking, Medivac  
  97  12:43  Marine x2  
  105  12:45  Barracks  
  105  12:46  Hellion x2  
  105  12:47  Barracks  
  105  12:49  Barracks  
  109  12:53  Orbital Command  
  109  13:07  Marine, Marauder  
  109  13:08  Marine x3, Marauder x2  
  119  13:14  Hellion x2  
  119  13:16  Medivac x2  
  127  13:25  Marine x2  
  105  13:34  Marine  
  105  13:35  Marauder, Marine  
  102  13:42  Barracks Reactor, Barracks Tech Lab  
  102  13:43  Barracks Tech Lab  
  102  13:44  Widow Mine  
  102  13:45  Widow Mine  
  102  13:47  Medivac x2  
  110  13:58  Orbital Command  
Tags
 
Add a new tag
Caveats
  • Supply blocks, unpowered buildings, or Contaminate may cause inaccurate times.
  • Supply counts are checked every 10 seconds.